 Dungeon Crawl Stone Soup version 0.30-a0-859-gf88a04b62d (webtiles) character file.

Game seed: 15410357954010300189

2068 promet the Summoner (level 9, -2/65 HPs)
             Began as a Gnoll Wanderer on Mar 5, 2023.
             Was a Follower of Sif Muna.
             Shot with a sling bullet by Joseph (18 damage)
             ... on level 7 of the Dungeon on Mar 6, 2023.
             The game lasted 01:18:20 (12522 turns).

promet the Summoner (Gnoll Wanderer)               Turns: 12522, Time: 01:18:21

Health: -2/65      AC:  8    Str: 15    XL:     9   Next: 26%
Magic:  5/18       EV: 18    Int: 17    God:    Sif Muna [*.....]
Gold:   262        SH:  0    Dex: 13    Spells: 6/21 levels left

rFire   . . .      SeeInvis .    a - +5 dagger of Rotten Resourcefulness {vamp, rC+ Str+4}
rCold   + . .      Faith    .    (no shield)
rNeg    . . .      Spirit   .    y - +1 leather armour of Repulsion {Will+ Dex+2}
rPois   .          Reflect  .    (no helmet)
rElec   .          Rampage  .    j - +0 cloak
rCorr   .                        d - +0 pair of gloves
Will    +....                    o - +0 pair of boots
Stlth   +++                      (no amulet)
HPRegen 0.30/turn                t - ring of wizardry
MPRegen 0.16/turn                B - +5 ring of evasion

@: channelling
A: fangs 1, strong nose, distributed training
a: Renounce Religion, Channel Magic


You were on level 7 of the Dungeon.
You worshipped Sif Muna.
Sif Muna was aware of your devotion.
You visited 2 branches of the dungeon, and saw 8 of its levels.

You collected 370 gold pieces.
You spent 108 gold pieces at shops.

Inventory:

Hand Weapons
 a - the +5 dagger of Rotten Resourcefulness (weapon) {vamp, rC+ Str+4}
   (You found it on level 4 of the Dungeon)

   Str:       It affects your strength (+4).
   rC:        It protects you from cold.
 b - a +0 sling
 c - a +0 trident of freezing
 e - a +0 rapier
 C - a +0 flail
 J - a +0 war axe of freezing
Missiles
 f - 53 stones (quivered)
 k - 12 poisoned darts
 r - 3 boomerangs
 D - 2 throwing nets
Armour
 d - a +0 pair of gloves (worn)
 j - a +0 cloak (worn)
 o - a +0 pair of boots (worn)
 p - a +0 leather armour
 v - a +0 robe
 y - the +1 leather armour of Repulsion (worn) {Will+ Dex+2}
   (You found it on level 4 of the Dungeon)

   Dex:       It affects your dexterity (+2).
   Will:      It increases your willpower.
Magical Staves
 q - a staff of air
Jewellery
 t - a ring of wizardry (left hand)
 u - a ring of ice
 B - a +5 ring of evasion (right hand)
 F - a ring of flight
Wands
 A - a wand of acid (19)
Scrolls
 h - 3 scrolls of amnesia
 i - a scroll of enchant weapon
 E - 2 scrolls of identify
 I - a scroll of magic mapping {unknown}
Potions
 g - a potion of mutation
 l - 4 potions of heal wounds
 m - a potion of resistance {unknown}
 n - a potion of might {unknown}
 s - a potion of brilliance {unknown}
 w - 2 potions of attraction {unknown}
 x - 4 potions of lignification {unknown}
 z - a potion of berserk rage
 H - 3 potions of curing


   Skills:
 + Level 4.2 Fighting
 + Level 4.2 Short Blades
 + Level 4.2 Long Blades
 + Level 4.2 Axes
 + Level 4.2 Maces & Flails
 + Level 4.2 Polearms
 + Level 4.2 Staves
 + Level 4.2 Ranged Weapons
 + Level 4.2 Throwing
 + Level 5.0 Armour
 + Level 4.2 Dodging
 + Level 6.0 Stealth
 + Level 4.2 Shields
 + Level 4.2 Unarmed Combat
 + Level 6.6 Spellcasting
 + Level 3.4 Conjurations
 + Level 3.4 Hexes
 + Level 8.0 Summonings
 + Level 3.4 Necromancy
 + Level 3.4 Translocations
 + Level 4.1 Transmutations
 + Level 3.4 Fire Magic
 + Level 3.4 Ice Magic
 + Level 3.4 Air Magic
 + Level 3.4 Earth Magic
 + Level 3.4 Poison Magic
 + Level 4.6 Invocations
 + Level 4.2 Evocations


You had 6 spell levels left.
You knew the following spells:

 Your Spells              Type           Power      Damage    Failure   Level
a - Sting                 Tmut/Pois      72%        1d6       1%          1
b - Call Canine Familiar  Summ           32%        N/A       1%          3
c - Ignite Poison         Fire/Tmut/Pois 18%        N/A       4%          3
d - Scorch                Fire           34%        2d7       2%          2
e - Foxfire               Conj/Fire      68%        2x1d7     1%          1
f - Call Imp              Summ           32%        N/A       1%          2
g - Poisonous Vapours     Pois/Air       34%        N/A       2%          2
h - Sandblast             Erth           34%        2d9       1%          1

Your spell library contained the following spells:

 Spells                   Type           Power      Damage    Failure   Level
 Magic Dart               Conj           68%        1d6       1%          1
 Summon Small Mammal      Summ           100%       N/A       1%          1
 Passwall                 Tmut/Erth      15%        N/A       1%          2
 Cigotuvi's Dreadful Rot  Necr/Pois/Air  34%        N/A       2%          2
 Inner Flame              Hex/Fire       17%        N/A       4%          3
 Kindle Blastsparks       Fire/Tloc/Air  34%        2d12      4%          3
 Mephitic Cloud           Conj/Pois/Air  17%        N/A       4%          3
 Stone Arrow              Conj/Erth      34%        3d9       4%          3
 Summon Lightning Spire   Summ/Air       25%        N/A       6%          4
 Flame Wave               Conj/Fire      17%        2d7       14%         4
 Sticky Flame             Conj/Fire      17%        2d4       14%         4
 Summon Cactus Giant      Summ           16%        N/A       32%         6
 Fireball                 Conj/Fire      8%         3d6       34%         5
 Freezing Cloud           Conj/Ice/Air   8%         6-21      34%         5
 Starburst                Conj/Fire      8%         6d4       88%         6


Dungeon Overview and Level Annotations

Branches:
Dungeon (7/15)             Temple (1/1) D:4

Altars:
Dithmenos
Fedhas
Gozag
Hepliaklqana
Makhleb
Ru
Sif Muna
Xom
Yredelemnul
Zin
The Shining One

Shops:
D:6 !

Annotations:
D:6 3 runed translucent doors, Pikel; Rudyous's ghost, novice MiFi; cforsyth's ghost, amateur DEEE
D:7 Joseph; Maggie


Innate Abilities, Weirdness & Mutations

You have very sharp teeth.
Your uncanny sense of smell can sniff out nearby items.
Your experience applies equally to all skills.


Message History

* * * LOW HITPOINT WARNING * * *
Your hound bites Joseph.
Casting: Scorch (safe; 2% risk of failure)
Confirm with . or Enter, or press ? or * to list all spells.
Flames lash Joseph.
Joseph is almost dead.
Joseph shoots a sling bullet.
The sling bullet hits you!
* * * LOW HITPOINT WARNING * * *
Your hound completely misses Joseph.
You feel much better.
Your hound bites Joseph but does no damage.
Joseph unwields a +0 sling.
Joseph wields a +3 heavy quarterstaff.
Joseph hits your hound with a +3 heavy quarterstaff!!
Your hound dies!
Your hound's corpse disappears in a puff of smoke!
Joseph shouts!
Casting: Scorch (safe; 2% risk of failure)
Confirm with . or Enter, or press ? or * to list all spells.
You conjure some foxfire!
The foxfire hits Joseph but does no damage.
Joseph is almost dead.
The foxfire hits Joseph.
Joseph is almost dead.
Casting: Foxfire (safe; 1% risk of failure)
Confirm with . or Enter, or press ? or * to list all spells.
Aiming: Poisonous Vapours (safe; 2% risk of failure)
Press: ? - help, Dir - move target, f/p - Joseph
Aim: Joseph, wielding a +3 heavy quarterstaff and wearing a +0 ring mail (almost dead, more vulnerable to fire) Poisonous vapours surround Joseph!
Joseph is poisoned.
Joseph unwields a +3 heavy quarterstaff.
Joseph wields a +0 sling.
Joseph shoots a sling bullet.
The sling bullet hits you!!
* * * LOW HITPOINT WARNING * * *
Casting: Poisonous Vapours (safe; 2% risk of failure)
Confirm with . or Enter, or press ? or * to list all spells.
You don't have enough magic to cast this spell.
Okay, then.
Joseph is no longer more vulnerable to fire.
Joseph shoots a sling bullet.
The sling bullet hits you!!
You die...

..
#####....####...##.#
.. #..#.#####.....##
................#
................# ..
...##....#### ..
#....# . ##..###
#.....# ##@.### #..#
∆.........#
..##....@# #>.....
$........
.)........#
..........##
#..........


You could see Joseph (poisoned).

Vanquished Creatures
  Prince Ribbit (D:6)
  An ogre (D:7)
  A centaur (D:6)
  A lemure (D:5)
  A kobold brigand (D:6)
  A bullfrog (D:6)
  A gnoll sergeant (D:6)
  3 scorpions
  A wight (D:6)
  A vampire bat (D:5)
  2 gnoll boudas
  4 hounds
  A jelly (D:6)
  2 iguanas
  9 gnolls
  3 adders
  2 white imps (D:6)
  An ufetubus (D:6)
  A worm (D:1)
  A dart slug (D:3)
  9 orcs
  2 ball pythons (D:1)
  6 endoplasms
  4 giant cockroaches (D:5)
  5 goblins
  7 hobgoblins
  3 jackals (D:1)
  6 quokkas
  7 bats
  4 frilled lizards
  10 kobolds
  6 rats
107 creatures vanquished.

Vanquished Creatures (collateral kills)
  2 ogres
  A phantom (D:5)
  A kobold brigand (D:6)
  A howler monkey (D:4)
  3 orc priests (D:6)
  A gnoll bouda (D:5)
  4 iguanas
  3 orc wizards
  5 gnolls
  A white imp (D:7)
  3 dart slugs
  4 orcs
  5 bats
  An endoplasm (D:3)
  5 goblins
  2 hobgoblins
  A quokka (D:3)
  2 frilled lizards
  4 kobolds
  3 rats (D:2)
52 creatures vanquished.

Vanquished Creatures (others)
  An orc wizard (D:5)
  88 foxfires
  5 withered plants (D:6)
94 creatures vanquished.

Grand Total: 253 creatures vanquished

Notes
Turn   | Place    | Note
-------+----------+-------------------------------------------
     0 | D:1      | promet the Gnoll Wanderer began the quest for the Orb.
     0 | D:1      | promet set off with the following items: a +0 dagger, a
                  | potion of berserk rage, a +0 robe, a +0 pair of gloves; and
                  | the following spells available to memorise: Summon Small
                  | Mammal, Call Canine Familiar, Sting, Ignite Poison, Summon
                  | Lightning Spire.
     0 | D:1      | Reached XP level 1. HP: 13/13 MP: 6/6
     6 | D:1      | Learned a level 1 spell: Sting
   156 | D:1      | Reached XP level 2. HP: 19/19 MP: 7/7
   759 | D:1      | Reached skill level 5 in Spellcasting
   759 | D:1      | Reached XP level 3. HP: 25/25 MP: 6/9
  1208 | D:1      | Learned a level 3 spell: Call Canine Familiar
  1212 | D:1      | Learned a level 3 spell: Ignite Poison
  1562 | D:2      | Reached skill level 1 in Invocations
  1815 | D:2      | Reached skill level 1 in Fighting
  1815 | D:2      | Reached skill level 1 in Short Blades
  1815 | D:2      | Reached skill level 1 in Long Blades
  1815 | D:2      | Reached skill level 1 in Axes
  1815 | D:2      | Reached skill level 1 in Maces & Flails
  1815 | D:2      | Reached skill level 1 in Polearms
  1815 | D:2      | Reached skill level 1 in Staves
  1815 | D:2      | Reached skill level 1 in Ranged Weapons
  1815 | D:2      | Reached skill level 1 in Throwing
  1815 | D:2      | Reached skill level 1 in Dodging
  1815 | D:2      | Reached skill level 1 in Shields
  1815 | D:2      | Reached skill level 1 in Unarmed Combat
  1815 | D:2      | Reached skill level 1 in Evocations
  2561 | D:2      | Reached XP level 4. HP: 27/32 MP: 7/11
  3064 | D:3      | Learned a level 2 spell: Scorch
  3398 | D:3      | Reached skill level 1 in Conjurations
  3398 | D:3      | Reached skill level 1 in Hexes
  3398 | D:3      | Reached skill level 1 in Necromancy
  3398 | D:3      | Reached skill level 1 in Translocations
  3398 | D:3      | Reached skill level 1 in Fire Magic
  3398 | D:3      | Reached skill level 1 in Ice Magic
  3398 | D:3      | Reached skill level 1 in Air Magic
  3398 | D:3      | Reached skill level 1 in Earth Magic
  3398 | D:3      | Reached skill level 1 in Poison Magic
  3934 | D:4      | Identified the +5 dagger of Rotten Resourcefulness {vamp,
                  | rC+ Str+4}
  4248 | D:4      | Reached XP level 5. HP: 22/37 MP: 1/12
  4452 | D:4      | Learned a level 1 spell: Foxfire
  4455 | D:4      | Learned a level 2 spell: Call Imp
  4533 | D:4      | Noticed an ogre
  4544 | D:4      | Killed an ogre
  4799 | D:4      | Identified the +1 leather armour of Repulsion {Will+ Dex+2}
  4832 | D:4      | Reached XP level 6. HP: 5/44 MP: 5/14
  5091 | D:4      | Found a staircase to the Ecumenical Temple.
  5121 | Temple   | Entered the Ecumenical Temple
  5130 | Temple   | Became a worshipper of Sif Muna the Loreminder
  5171 | D:4      | Found a blossoming altar of Fedhas.
  5599 | D:4      | Found a hazy altar of Hepliaklqana.
  5835 | D:5      | Entered Level 5 of the Dungeon
  6139 | D:5      | Reached XP level 7. HP: 51/51 MP: 7/15
  6396 | D:5      | Reached skill level 5 in Stealth
  7263 | D:5      | Reached XP level 8. HP: 57/58 MP: 9/16
  7852 | D:5      | Reached * piety under Sif Muna
  8249 | D:6      | Found a glowing golden altar of the Shining One.
  8562 | D:6      | Found a sacrificial altar of Ru.
  8826 | D:6      | Found a runed translucent gate.
  8826 | D:6      | Found a runed translucent gate.
  8827 | D:6      | Found a runed translucent gate.
  8828 | D:6      | Noticed cforsyth's ghost (amateur DEEE)
  8830 | D:6      | Noticed Rudyous's ghost (novice MiFi)
  9130 | D:6      | Noticed a manticore
  9139 | D:6      | Noticed Pikel
  9530 | D:6      | Found Ruinlil's Distillery.
  9595 | D:6      | Bought 2 potions of curing for 72 gold pieces
  9595 | D:6      | Bought a potion of curing for 36 gold pieces
  9595 | D:6      | Upgraded the game from 0.30-a0-857-gcaf70739d4 to
                  | 0.30-a0-859-gf88a04b62d
 11724 | D:6      | Reached XP level 9. HP: 58/64 MP: 4/18
 11938 | D:7      | Noticed Prince Ribbit
 11951 | D:7      | Noticed Maggie
 11970 | D:6      | Killed Prince Ribbit
 11971 | D:6      | Reached skill level 5 in Armour
 11971 | D:6      | Reached skill level 8 in Summonings
 12331 | D:7      | Learned a level 2 spell: Poisonous Vapours
 12333 | D:7      | Learned a level 1 spell: Sandblast
 12508 | D:7      | Noticed Joseph
 12522 | D:7      | Shot with a sling bullet by Joseph

Illustrated notes

Levels and vault maps discovered:
D:1:      dpeg_arrival_rhombus, layout_rooms
D:2:      layout_rooms, serial_co_window_serial, co_window_paths_a,
          co_window_of_opportunity_a, co_window_paths_a, co_window_paths_b,
          co_window_corner_a, co_window_paths_a, co_window_2corner,
          co_window_paths_c, co_window_unsneaky_path_a,
          co_window_of_opportunity_c, co_window_broadway_b,
          co_window_of_opportunity_c, co_window_4corner_a, co_window_sun,
          glass_columns_a, glass_columns_b, glass_columns_a, glass_columns_a,
          minmay_hedge_maze, st_stairs_14
D:3:      layout_rooms
D:4:      layout_basic, kennysheep_little_box, mainiacjoe_overflow_brackets,
          temple_green
D:5:      layout_rooms, gup_sewer_entry_pipe, roderic_batcave,
          minmay_misc_feat_ornament
D:6:      layout_loops_ring, amcnicky_altar_gilded,
          nicolae_ru_sacrificial_ziggurat, serial_shops, shop,
          gammafunk_ghost_cemetery, grunt_potential, uniq_pikel
D:7:      layout_cave_pools, mainiacjoe_overflow_concentric_impassable,
          serial_shops, nicolae_shop_hallway_stairs, uniq_joseph,
          uniq_prince_ribbit1, uniq_maggie
Temple:   cyrus_circular_temple

Skill      XL: |  1  2  3  4  5  6  7  8  9 |
---------------+----------------------------+-----
Transmutations | 2 3 4 |  4.1
Spellcasting   | 5 6 |  6.6
Invocations    | 1 2 3 4 |  4.6
Fighting       | 1 2 3 4 |  4.2
Short Blades   | 1 2 3 4 |  4.2
Long Blades    | 1 2 3 4 |  4.2
Axes           | 1 2 3 4 |  4.2
Maces & Flails | 1 2 3 4 |  4.2
Polearms       | 1 2 3 4 |  4.2
Staves         | 1 2 3 4 |  4.2
Ranged Weapons | 1 2 3 4 |  4.2
Throwing       | 1 2 3 4 |  4.2
Dodging        | 1 2 3 4 |  4.2
Shields        | 1 2 3 4 |  4.2
Unarmed Combat | 1 2 3 4 |  4.2
Evocations     | 1 2 3 4 |  4.2
Conjurations   | 1 2 3 |  3.4
Hexes          | 1 2 3 |  3.4
Necromancy     | 1 2 3 |  3.4
Translocations | 1 2 3 |  3.4
Fire Magic     | 1 2 3 |  3.4
Ice Magic      | 1 2 3 |  3.4
Air Magic      | 1 2 3 |  3.4
Earth Magic    | 1 2 3 |  3.4
Poison Magic   | 1 2 3 |  3.4
Armour         | 3 4 5 |  5.0
Stealth        | 5 6 |  6.0
Summonings     | 8 |  8.0

Action                     |  1- 3 |  4- 6 |  7- 9 || total
---------------------------+-------+-------+-------++-------
  Melee: Short sword       |    63 |    26 |       ||    89
         Dagger            |     1 |    28 |    92 ||   121
         Bite              |     4 |       |    14 ||    18
         Punch             |     1 |     1 |     2 ||     4
         Rapier            |       |     3 |       ||     3
         Trident           |       |       |     5 ||     5
         Spear             |       |       |     1 ||     1
   Fire: Sling             |       |       |     3 ||     3
  Throw: Stone             |     4 |       |     1 ||     5
         Dart              |       |     2 |     1 ||     3
   Cast: Sting             |    27 |     9 |    32 ||    68
         Call Canine Famil |     4 |    27 |    29 ||    60
         Scorch            |       |    14 |    41 ||    55
         Call Imp          |       |     5 |    15 ||    20
         Foxfire           |       |     9 |    42 ||    51
         Ignite Poison     |       |       |    15 ||    15
         Poisonous Vapours |       |       |     9 ||     9
 Invoke: Channel Magic     |       |       |     1 ||     1
  Evoke: Wand              |       |       |     2 ||     2
    Use: Scroll            |     5 |     3 |     2 ||    10
         Potion            |     1 |     1 |     3 ||     5
   Stab: Sleeping          |     9 |     3 |     1 ||    13
         Distracted        |       |       |     1 ||     1
 Armour: Robe              |    23 |    15 |       ||    38
         Leather armour    |       |    13 |    53 ||    66
  Dodge: Dodged            |    27 |    43 |   119 ||   189

Table legend: (Time is in decaauts)
 A = Elapsed time spent in this place.
 B = Non-inter-level travel time spent in this place.
 C = Inter-level travel time spent in this place.
 D = Time resting spent in this place.
 E = Time spent auto-exploring this place.
 F = Levels seen in this place.
 G = Mean time per level.
                   A        B        C        D        E       F      G
               +--------+--------+--------+--------+--------+-----+--------+
         Total |  12515 |  12065 |    450 |   6195 |   2550 |   8 | 1564.4 |
       Dungeon |  12496 |  12046 |    450 |   6195 |   2550 |   7 | 1785.1 |
        Temple |     18 |     18 |      0 |      0 |      0 |   1 |   18.0 |
               +--------+--------+--------+--------+--------+-----+--------+

Top non-repeatable levels by time:
     D:6: 3537 daAuts
     D:5: 2548 daAuts
     D:4: 2375 daAuts
     D:2: 1503 daAuts
     D:1: 1454 daAuts
     D:3: 911 daAuts
     D:7: 165 daAuts
  Temple: 18 daAuts
